General information
- name: BNet
- type: Ladder team game (AT/RT)
- host: Battle.net
- saver: 1788571581658
map: GoldRush
- players: 8
- length: 14:35
- speed: Fast
- version: 1.26 W3XP
- replay type: Public
» download(101 KB)
Players
team 1 (winner)
LionsDen (
pink | 46 APM | 673 actions | 14:35)
4 Mountain King
2 Storm Bolt
2 Bash
3 Paladin
2 Holy Light
1 Divine Shield
» actions
| Assign group hotkey | 29 | |
| Basic commands | 4 | |
| Build / train | 53 | |
| Enter build submenu | 25 | |
| Enter hero's abilities submenu | 7 | |
| Give item / drop item | 6 | |
| Right click | 238 | |
| Select / deselect | 164 | |
| Select group hotkey | 107 | |
| Use ability | 40 | |
673 total
» units
| Peasant | 17 | |
| Footman | 8 | |
| Knight | 1 | |
| Gryphon Rider | 5 | |
31 total
» upgrades
| Swords | 3 | |
| Lumber Harvesting | 1 | |
| Animal War Training | 1 | |
| Storm Hammers | 1 | |
6 total
» buildings
| Altar of Kings | 1 | |
| Barracks | 1 | |
| Farm | 11 | |
| Arcane Vault | 1 | |
| Keep | 1 | |
| Town Hall | 1 | |
| Blacksmith | 1 | |
| Castle | 1 | |
| Lumber Mill | 1 | |
| Scout Tower | 4 | |
| Gryphon Aviary | 3 | |
26 total
» build order
00:12 Altar of Kings
00:18 Barracks
00:29 Farm
00:42 Farm
00:48 Farm
01:34 Farm
02:17 Farm
03:04 Arcane Vault
03:50 Keep
04:37 Town Hall
05:42 Blacksmith
05:44 Farm
06:45 Farm
07:03 Castle
07:18 Lumber Mill
07:34 Farm
07:59 Scout Tower
08:01 Scout Tower
08:03 Scout Tower
08:20 Scout Tower
08:43 Gryphon Aviary
08:46 Gryphon Aviary
09:17 Gryphon Aviary
10:07 Farm
10:45 Farm
11:12 Farm
» items
| Scroll of Regeneration | 2 | |
| Scroll of Town Portal | 1 | |
| Potion of Lesser Invulnerability | 1 | |
| Scroll of Healing | 1 | |
5 total
Philando (
orange | 48 APM | 697 actions | 14:35)
2 Keeper of the Grove
1 Entangling Roots
1 Thorns Aura
2 Demon Hunter
1 Mana Burn
1 Evasion
» actions
| Assign group hotkey | 31 | |
| Basic commands | 11 | |
| Build / train | 42 | |
| Enter build submenu | 21 | |
| Enter hero's abilities submenu | 4 | |
| Give item / drop item | 1 | |
| Right click | 228 | |
| Select / deselect | 171 | |
| Select group hotkey | 143 | |
| Use ability | 45 | |
697 total
» units
| Wisp | 16 | |
| Archer | 4 | |
| Druid of the Claw | 5 | |
| Dryad | 1 | |
26 total
» upgrades
| Druid of the Claw Training | 2 | |
| Mark of the Claw | 1 | |
| Ultravision | 1 | |
| Strength of the Wild | 1 | |
| Reinforced Hides | 1 | |
| Abolish Magic | 1 | |
7 total
» buildings
| Moon Well | 6 | |
| Altar of Elders | 1 | |
| Ancient of War | 1 | |
| Tree of Ages | 1 | |
| Ancient of Wind | 3 | |
| Hunter's Hall | 2 | |
| Tree of Eternity | 1 | |
| Ancient of Wonders | 1 | |
| Ancient of Lore | 2 | |
| Tree of Life | 1 | |
19 total
» build order
00:14 Moon Well
00:24 Altar of Elders
00:36 Ancient of War
01:33 Moon Well
02:28 Tree of Ages
03:01 Moon Well
03:39 Moon Well
04:02 Moon Well
04:58 Ancient of Wind
05:01 Hunter's Hall
05:02 Tree of Eternity
05:07 Hunter's Hall
05:16 Ancient of Wonders
05:52 Moon Well
06:19 Ancient of Lore
06:52 Ancient of Lore
11:34 Tree of Life
11:59 Ancient of Wind
12:02 Ancient of Wind
» items

»
TickingRabbit (
purple | 30 APM | 443 actions | 14:35)
1 Blademaster
1 Wind Walk
» actions
| Basic commands | 112 | |
| Build / train | 42 | |
| Enter build submenu | 23 | |
| Enter hero's abilities submenu | 1 | |
| Remove unit from queue | 1 | |
| Right click | 5 | |
| Select / deselect | 194 | |
| Use ability | 65 | |
443 total
» units
| Peon | 17 | |
| Raider | 6 | |
| Troll Headhunter/Berserker | 11 | |
34 total
» upgrades
| Melee Weapons | 2 | |
| Pillage | 1 | |
| Armor | 1 | |
4 total
» buildings
| Orc Burrow | 6 | |
| Altar of Storms | 1 | |
| War Mill | 1 | |
| Stronghold | 1 | |
| Beastiary | 1 | |
| Watch Tower | 3 | |
| Great Hall | 1 | |
| Barracks | 2 | |
| Voodoo Lounge | 1 | |
17 total
» build order
00:34 Orc Burrow
00:39 Altar of Storms
01:05 Orc Burrow
01:21 War Mill
02:33 Stronghold
03:04 Orc Burrow
05:26 Beastiary
05:36 Orc Burrow
05:38 Orc Burrow
05:48 Watch Tower
06:45 Orc Burrow
09:15 Watch Tower
09:16 Watch Tower
10:48 Great Hall
11:07 Barracks
11:26 Barracks
11:48 Voodoo Lounge
1788571581658 (
red | 78 APM | 1144 actions | 14:35)
5 Blademaster
3 Wind Walk
2 Critical Strike
» actions
| Assign group hotkey | 28 | |
| Basic commands | 18 | |
| Build / train | 57 | |
| Enter build submenu | 22 | |
| Enter hero's abilities submenu | 5 | |
| Remove unit from queue | 3 | |
| Right click | 403 | |
| Select / deselect | 208 | |
| Select group hotkey | 351 | |
| Use ability | 49 | |
1144 total
» units
| Peon | 18 | |
| Grunt | 5 | |
| Troll Batrider | 7 | |
30 total
» upgrades
| Pillage | 1 | |
| Berserker Strength | 1 | |
| Armor | 1 | |
| Ranged Weapons | 3 | |
| Reinforced Defenses | 1 | |
| Troll Regeneration | 1 | |
| Envenomed Spears | 1 | |
| Liquid Fire | 1 | |
10 total
» buildings
| Altar of Storms | 1 | |
| Orc Burrow | 5 | |
| Barracks | 1 | |
| Voodoo Lounge | 1 | |
| Great Hall | 1 | |
| Stronghold | 2 | |
| War Mill | 1 | |
| Beastiary | 3 | |
| Watch Tower | 5 | |
| Fortress | 1 | |
21 total
» build order
00:04 Altar of Storms
00:10 Orc Burrow
01:06 Barracks
01:22 Voodoo Lounge
01:49 Orc Burrow
02:50 Orc Burrow
03:50 Great Hall
04:30 Stronghold
06:06 War Mill
07:00 Beastiary
07:28 Beastiary
07:35 Watch Tower
07:38 Watch Tower
08:03 Fortress
08:09 Watch Tower
08:33 Watch Tower
09:05 Orc Burrow
10:48 Beastiary
12:08 Watch Tower
12:53 Orc Burrow
» items
| Healing Salve | 2 | |
| Scroll of Town Portal | 1 | |
| Lesser Clarity Potion | 1 | |
| Orb of Lightning | 1 | |
5 total
team 2 (loser)
IAMLovE) (
yellow | 75 APM | 1081 actions | 14:25)
4 Pandaren Brewmaster
2 Breath of Fire
2 Drunken Haze
» actions
| Assign group hotkey | 25 | |
| Basic commands | 65 | |
| Build / train | 42 | |
| Enter build submenu | 17 | |
| Enter hero's abilities submenu | 4 | |
| Right click | 574 | |
| Select / deselect | 178 | |
| Select group hotkey | 145 | |
| Use ability | 31 | |
1081 total
» units
» upgrades
| Creature Attack | 1 | |
| Unholy Strength | 2 | |
| Unholy Armor | 1 | |
| Ghoul Frenzy | 1 | |
5 total
» buildings
| Crypt | 3 | |
| Altar of Darkness | 2 | |
| Ziggurat | 4 | |
| Tomb of Relics | 1 | |
| Nerubian Tower | 1 | |
| Halls of the Dead | 1 | |
| Graveyard | 1 | |
| Black Citadel | 1 | |
| Sacrificial Pit | 1 | |
| Boneyard | 1 | |
16 total
» build order
00:08 Crypt
00:11 Altar of Darkness
00:13 Altar of Darkness
00:36 Ziggurat
01:04 Tomb of Relics
01:40 Ziggurat
02:49 Nerubian Tower
02:59 Halls of the Dead
03:44 Graveyard
04:00 Ziggurat
04:24 Crypt
07:06 Crypt
09:25 Black Citadel
10:37 Sacrificial Pit
10:41 Ziggurat
13:03 Boneyard
» items
Deadhunter (
green | 36 APM | 532 actions | 14:34)
4 Death Knight
1 Death Coil
2 Unholy Aura
1 Death Pact
» actions
| Assign group hotkey | 2 | |
| Build / train | 35 | |
| Enter build submenu | 18 | |
| Enter hero's abilities submenu | 5 | |
| Give item / drop item | 1 | |
| Right click | 314 | |
| Select / deselect | 121 | |
| Select group hotkey | 1 | |
| Use ability | 35 | |
532 total
» units
| Acolyte | 3 | |
| Ghoul | 3 | |
| Crypt Fiend | 6 | |
| Frost Wyrm | 1 | |
13 total
» upgrades
| Creature Attack | 2 | |
| Creature Carapace | 1 | |
| Web | 1 | |
4 total
» buildings
| Graveyard | 1 | |
| Crypt | 2 | |
| Altar of Darkness | 1 | |
| Ziggurat | 8 | |
| Nerubian Tower | 1 | |
| Tomb of Relics | 1 | |
| Spirit Tower | 5 | |
| Halls of the Dead | 1 | |
| Black Citadel | 1 | |
| Sacrificial Pit | 1 | |
| Boneyard | 1 | |
23 total
» build order
00:09 Graveyard
00:19 Crypt
00:43 Altar of Darkness
00:59 Ziggurat
01:19 Ziggurat
02:04 Nerubian Tower
02:52 Tomb of Relics
03:27 Crypt
03:55 Spirit Tower
05:55 Halls of the Dead
06:17 Ziggurat
08:53 Black Citadel
09:00 Ziggurat
09:38 Sacrificial Pit
09:40 Ziggurat
09:43 Ziggurat
11:20 Boneyard
11:36 Ziggurat
11:38 Ziggurat
13:26 Spirit Tower
13:27 Spirit Tower
13:30 Spirit Tower
13:48 Spirit Tower
» items
| Dust of Appearance | 2 | |
| Rod of Necromancy | 2 | |
| Scroll of Town Portal | 1 | |
5 total

»
red-underwear (
teal | 72 APM | 1038 actions | 14:30)
3 Keeper of the Grove
2 Entangling Roots
1 Thorns Aura
» actions
| Assign group hotkey | 21 | |
| Basic commands | 124 | |
| Build / train | 52 | |
| Enter build submenu | 16 | |
| Enter hero's abilities submenu | 3 | |
| Give item / drop item | 1 | |
| Right click | 340 | |
| Select / deselect | 141 | |
| Select group hotkey | 282 | |
| Use ability | 58 | |
1038 total
» units
| Wisp | 27 | |
| Huntress | 7 | |
| Chimaera | 2 | |
| Hippogryph | 4 | |
40 total
» upgrades
| Strength of the Wild | 1 | |
| Reinforced Hides | 1 | |
2 total
» buildings
| Altar of Elders | 1 | |
| Moon Well | 5 | |
| Hunter's Hall | 1 | |
| Ancient of War | 2 | |
| Tree of Life | 2 | |
| Tree of Ages | 1 | |
| Tree of Eternity | 1 | |
| Ancient of Wind | 2 | |
| Ancient of Wonders | 1 | |
| Chimaera Roost | 2 | |
18 total
» build order
00:10 Altar of Elders
00:20 Moon Well
01:15 Hunter's Hall
01:45 Ancient of War
01:59 Moon Well
02:19 Ancient of War
03:32 Moon Well
04:30 Moon Well
04:37 Moon Well
06:18 Tree of Life
06:27 Tree of Ages
08:50 Tree of Eternity
10:36 Ancient of Wind
10:47 Ancient of Wonders
10:57 Tree of Life
11:43 Chimaera Roost
11:49 Chimaera Roost
13:42 Ancient of Wind
» items
| Healing Salve | 1 | |
| Scroll of Speed | 1 | |
| Scroll of Town Portal | 1 | |
| Staff of Preservation | 1 | |
4 total
jedi-blade (
blue | 36 APM | 521 actions | 14:29)
4 Blademaster
2 Critical Strike
2 Wind Walk
2 Shadow Hunter
1 Hex
1 Healing Wave
1 Tauren Chieftain
1 Endurance Aura
» actions
| Basic commands | 4 | |
| Build / train | 38 | |
| Enter build submenu | 16 | |
| Enter hero's abilities submenu | 7 | |
| Give item / drop item | 2 | |
| Right click | 241 | |
| Select / deselect | 181 | |
| Use ability | 32 | |
521 total
» units
» upgrades
| Berserker Strength | 1 | |
| Shaman Training | 2 | |
| Armor | 1 | |
| Melee Weapons | 1 | |
5 total
» buildings
| Altar of Storms | 1 | |
| Orc Burrow | 7 | |
| Voodoo Lounge | 1 | |
| Barracks | 1 | |
| Stronghold | 1 | |
| War Mill | 1 | |
| Fortress | 1 | |
| Spirit Lodge | 1 | |
| Tauren Totem | 2 | |
| Great Hall | 2 | |
18 total
» build order
00:06 Altar of Storms
00:09 Orc Burrow
00:41 Voodoo Lounge
01:29 Barracks
01:52 Orc Burrow
01:55 Orc Burrow
03:14 Stronghold
03:56 Orc Burrow
04:53 War Mill
06:09 Fortress
06:43 Orc Burrow
08:13 Spirit Lodge
08:51 Tauren Totem
09:01 Tauren Totem
10:32 Great Hall
10:39 Great Hall
11:15 Orc Burrow
11:20 Orc Burrow
» items
| Healing Salve | 1 | |
| Scroll of Speed | 1 | |
2 total
Chat log
(00:33 / Allies) LionsDen: should i go m
(00:33 / Allies) LionsDen: mk
(00:34 / Allies) LionsDen: or aoe
(00:38 / Allies) 1788571581658: mk
(00:45 / Allies) 1788571581658: they have a lot of ud so stun isgood
(00:49 / Allies) 1788571581658: low hp units and such
(00:54 / Allies) LionsDen: iigh
(01:21 / Allies) LionsDen: u orc
(01:23 / Allies) LionsDen: should
(01:24 / Allies) LionsDen: harass
(01:26 / Allies) LionsDen: espor
(01:27 / Allies) 1788571581658: yeah
(01:36 / Allies) LionsDen: there expos
(01:37 / Allies) 1788571581658: I'll get lvl 3 for good wind walk first though
(01:37 / Allies) LionsDen: all game long
(01:55 / Allies) LionsDen: imma expo there
(01:57 / Allies) LionsDen: n actrually
(01:58 / Allies) 1788571581658: kk
(02:01 / Allies) LionsDen: eventually
(02:02 / Allies) 1788571581658: I'll get here
(02:14 / Allies) LionsDen: im goin mass air
(02:22 / Allies) 1788571581658: k but get some t1 just in case they rush
(02:26 / Allies) LionsDen: obv
(02:27 / Allies) LionsDen: man
(02:31 / Allies) LionsDen: smnall map
(02:38 / Allies) 1788571581658: i know, but some people just tech into t2 and don't lol'
(02:46 / Allies) LionsDen: ye ur right
(03:31 / Allies) LionsDen: quick tech
(04:53 / Allies) LionsDen: omw
(04:56 / Allies) LionsDen: repair
(04:57 / Allies) LionsDen: n burrow
(04:58 / Allies) LionsDen: plz
(05:01 / Allies) LionsDen: ima on my wya
(05:02 / Allies) LionsDen: repair
(05:04 / Allies) LionsDen: n burrow
(05:13 / Allies) LionsDen: u needa put guy in burruown
(05:59 / Allies) LionsDen: check
(07:05 / Allies) LionsDen: check
(07:07 / Allies) LionsDen: pzl
(07:15 / Allies) 1788571581658: checking now
(07:53 / Allies) LionsDen: gargs
(07:53 / Allies) LionsDen: damn
(08:12 / Allies) Philando: lumber please
(08:24 / Allies) Philando: please...
(08:37 / Allies) LionsDen: got all 5
(08:48 / Allies) LionsDen: lumebr plz
(09:06 / Allies) LionsDen: b
(09:06 / Allies) LionsDen: b
(09:07 / Allies) LionsDen: b
(09:15 / Allies) Philando: get back
(09:21 / Allies) LionsDen: gunna need hlp guys
(09:26 / Allies) 1788571581658: 1 sec killing expo
(09:48 / Allies) 1788571581658: we need air
(09:51 / Allies) LionsDen: b
(09:52 / Allies) LionsDen: i am air
(09:54 / Allies) LionsDen: i need 5 secs
(09:59 / Allies) LionsDen: repair
(10:01 / Allies) LionsDen: n burrows
(10:01 / Allies) Philando: make bats red
(10:05 / Allies) 1788571581658: tp
(10:18 / Allies) LionsDen: ktog
(10:30 / Allies) LionsDen: gj
(10:33 / Allies) 1788571581658: got almost all gargs with bats
(10:33 / Allies) LionsDen: well hit soon
(10:38 / Allies) 1788571581658: k buying items first
(10:39 / Allies) LionsDen: ye bats good
(10:48 / Allies) LionsDen: lumebr plz
(10:50 / Allies) Philando: mass bats red
(10:54 / Allies) 1788571581658: k I will
(10:54 / Allies) Philando: the res will cover ground
(10:56 / Allies) LionsDen: dont mass them
(10:58 / Allies) LionsDen: just a few
(11:01 / Allies) LionsDen: jeeze
(11:05 / Allies) 1788571581658: bat/wyv?
(11:26 / Allies) LionsDen: hit sho
(11:28 / Allies) LionsDen: then lets end them
(11:35 / Allies) 1788571581658: 1 sec
(11:44 / Allies) LionsDen: i ned lumebr
(11:48 / Allies) 1788571581658: omw
(12:24 / Allies) 1788571581658: hit?
(12:38 / Allies) LionsDen: ye
(12:40 / Allies) LionsDen: lets go
(12:49 / Allies) LionsDen: 0 untis
(12:50 / Allies) LionsDen: wtf
(12:57 / Allies) LionsDen: 26 food
(13:13 / Allies) LionsDen: hall
(13:14 / Allies) LionsDen: quickly
(13:34 / Allies) LionsDen: denoante ur bats
(13:50 / Allies) 1788571581658: detonate against what?
(13:52 / Allies) 1788571581658: dont see any air
(14:11 / All) LionsDen: oucch
(14:31 / All) 1788571581658: gg
(14:32 / Allies) 1788571581658: gj